 Dungeon Crawl Stone Soup version 0.28-a0-750-g7c675f85b1 (webtiles) character file.

Game seed: 17165789052746724385

28 ytrimaz the Chopper (level 3, -1/28 HPs)
             Began as a Demonspawn Gladiator on Oct 29, 2021.
             Slain by Pikel (7 damage)
             ... on level 4 of the Dungeon.
             The game lasted 00:01:15 (945 turns).

ytrimaz the Chopper (Demonspawn Gladiator)           Turns: 945, Time: 00:01:15

Health: -1/28      AC:  4    Str: 15    XL:     3   Next: 0%
Magic:  3/3        EV: 14    Int:  9    God:
Gold:   19         SH:  0    Dex: 14    Spells: 2/2 levels left

rFire   . . .      SeeInvis .   i - +1 dagger (venom)
rCold   . . .      Faith    .   (no shield)
rNeg    . . .      Spirit   .   b - +0 leather armour
rPois   .          Reflect  .   c - +0 helmet
rElec   .          Harm     .   (no cloak)
rCorr   .          Rampage  .   (no gloves)
Will    .....                   (no boots)
Stlth   +.........              (no amulet)
HPRegen 0.09/turn               (no ring)
MPRegen 0.08/turn               (no ring)

@: no status effects
A: repulsion field 1
a: no special abilities


You were on level 4 of the Dungeon.
You visited 1 branch of the dungeon, and saw 3 of its levels.

You collected 19 gold pieces.

Inventory:

Hand Weapons
 a - a +0 war axe
 i - a +1 dagger of venom (weapon)
Missiles
 d - 4 throwing nets (quivered)
Armour
 b - a +0 leather armour (worn)
 c - a +0 helmet (worn)
Jewellery
 h - an amulet of regeneration
Scrolls
 g - a scroll of teleportation {unknown}
Potions
 e - a potion of invisibility {unknown}
 f - a potion of brilliance {unknown}


   Skills:
 * Level 2.3 Fighting
 - Level 3.1 Axes
 - Level 1.7 Throwing
 * Level 0.8 Armour
 + Level 3.0 Dodging


You had 2 spell levels left.
You didn't know any spells.
Your spell library contained the following spells:

 Spells                   Type           Power      Damage    Failure   Level
 Gell's Gravitas          Tloc           0%         N/A       83%         3
 Lesser Beckoning         Tloc           0%         N/A       83%         3
 Teleport Other           Tloc           0%         N/A       83%         3


Dungeon Overview and Level Annotations

Branches:
Dungeon (2/15)

Altars:

Annotations:
D:4 Pikel


Innate Abilities, Weirdness & Mutations

You are surrounded by a mild repulsion field. (EV +2)


Message History

You add the spells Lesser Beckoning, Gell's Gravitas and Teleport Other to your library.
You start resting.
HP restored.
Found a stone staircase leading down.
You fall into a shaft and drop 2 floors!
The shaft crumbles and collapses.
A lemure comes into view.
The lemure shouts!
A lemure is nearby! 2 lemures and Pikel come into view.
Pikel is wielding a +2 whip of electrocution.
The lemure shouts!
You hear a shout!
A lemure comes into view.
You hit the lemure.
The lemure is poisoned.
The lemure is lightly wounded.
The lemure hits you but does no damage.
You hit the lemure.
The lemure looks as sick as possible!
The lemure is moderately wounded.
You hit Pikel.
Pikel is poisoned.
Pikel is lightly wounded.
You barely miss Pikel.
Pikel is lightly wounded.
Pikel hits you with a +2 whip of electrocution.
You closely miss Pikel.
Pikel is lightly wounded.
Pikel barely misses you.
You barely miss Pikel.
Pikel is lightly wounded.
Pikel hits you with a +2 whip of electrocution!
You barely miss Pikel.
Pikel is lightly wounded.
Pikel hits you but does no damage.
You hit Pikel but do no damage.
Pikel looks even sicker.
Pikel is lightly wounded.
Pikel hits you with a +2 whip of electrocution!
* * * LOW HITPOINT WARNING * * *
You barely miss Pikel.
Pikel is moderately wounded.
Pikel hits you with a +2 whip of electrocution!
You die...

## #..# .## #..#
..## #..#
#..####..##
##........###
##...###...###
##.#######...###
#..# #........##
#.## #.######.@#
##.# # ###K5#
#..# ##55. #.##
5... ### ... ..
.


You could see Pikel (very poisoned) and 4 lemures.

Vanquished Creatures
  A dart slug (D:2)
  An endoplasm (D:1)
  2 giant cockroaches (D:1)
  2 goblins
  2 hobgoblins (D:1)
  2 jackals (D:1)
  A ball python (D:1)
  3 bats
  7 frilled lizards (D:1)
  4 kobolds (D:1)
  A rat (D:1)
26 creatures vanquished.

Notes
Turn   | Place    | Note
-------+----------+-------------------------------------------
     0 | D:1      | ytrimaz the Demonspawn Gladiator began the quest for the
                  | Orb.
     0 | D:1      | Reached XP level 1. HP: 16/16 MP: 1/1
   396 | D:1      | Gained mutation: You are surrounded by a mild repulsion
                  | field. (EV +2) [demonic ancestry]
   396 | D:1      | Reached XP level 2. HP: 18/22 MP: 2/2
   637 | D:1      | Found a faded altar of an unknown god.
   812 | D:2      | Reached XP level 3. HP: 21/28 MP: 3/3
   900 | D:2      | You fall into a shaft and drop 2 floors!
   933 | D:4      | Noticed a lemure
   934 | D:4      | Noticed Pikel
   934 | D:4      | Noticed a lemure
   934 | D:4      | Noticed a lemure
   935 | D:4      | Noticed a lemure
   945 | D:4      | Slain by Pikel

Illustrated notes

Levels and vault maps discovered:
D:1:      shiori_arrival_oz, layout_basic, ebering_ecumenical_altar_box
D:2:      layout_basic
D:4:      layout_cave_pods, nicolae_uskayaw_murder_on_the_dancefloor,
          overflow_temple_1_default, gammafunk_temple_overflow_wave,
          nicolae_shop_sticking_my_neck_out, uniq_pikel

Skill      XL: |  1  2 |
---------------+-------+-----
Axes           | 3 |  3.1
Dodging        | 3 |  3.0
Fighting       | |  2.3
Throwing       | |  1.7
Armour         | |  0.8

Action                   || total
-------------------------++-------
Melee: War axe           ||    45
       Dagger            ||     9
Throw: Throwing net      ||     1
  Use: Scroll            ||     1
 Stab: Sleeping          ||     1
Armor: Leather armour    ||    28
Dodge: Dodged            ||    36

Table legend: (Time is in decaauts)
 A = Elapsed time spent in this place.
 B = Non-inter-level travel time spent in this place.
 C = Inter-level travel time spent in this place.
 D = Time resting spent in this place.
 E = Time spent auto-exploring this place.
 F = Levels seen in this place.
 G = Mean time per level.
                   A        B        C        D        E       F      G
               +--------+--------+--------+--------+--------+-----+--------+
         Total |    960 |    938 |     22 |     63 |    687 |   3 |  320.0 |
       Dungeon |    960 |    938 |     22 |     63 |    687 |   3 |  320.0 |
               +--------+--------+--------+--------+--------+-----+--------+

Top non-repeatable levels by time:
     D:1: 802 daAuts
     D:2: 113 daAuts
     D:4: 44 daAuts
